 Dungeon Crawl Stone Soup version 0.19.3-4-gbf9329e (webtiles) character file.

144 Alarkh the Chopper (level 5, 41/41 HPs)
             Began as a Demonspawn Monk on Jan 28, 2017.
             Got out of the dungeon alive.
             The game lasted 00:02:49 (2227 turns).

Alarkh the Chopper (Demonspawn Monk)                Turns: 2227, Time: 00:02:50

Health: 41/41      AC:  5    Str: 11    XL:     5   Next: 5%
Magic:  5/5        EV: 13    Int: 12    God:
Gold:   200        SH:  0    Dex: 16    Spells: 0 memorised, 4 levels left

rFire  . . .     SeeInvis .     a - +0 hand axe
rCold  . . .     Gourm    .     b - +0 robe
rNeg   . . .     Faith    .     (no shield)
rPois  .         Spirit   .     (no helmet)
rElec  .         Reflect  .     (no cloak)
rCorr  .         Harm     .     (no gloves)
MR     +....                    f - +0 pair of boots
Stlth  +++.......               (no amulet)
                                (no ring)
                                n - ring of protection from magic

@: no status effects
A: talons 1, yellow scales 1, nightstalker 1, rot immunity
a: no special abilities


You escaped.
You were not hungry.

You visited 1 branch of the dungeon, and saw 3 of its levels.

You collected 200 gold pieces.

Inventory:

Hand Weapons
 a - a +0 hand axe (weapon)
Armour
 b - a +0 robe (worn)
 f - a +0 pair of boots (worn)
Jewellery
 n - a ring of protection from magic (left hand)
Scrolls
 e - a scroll of identify
 g - a scroll of remove curse {unknown}
 h - a scroll of enchant armour {unknown}
 i - a scroll of random uselessness {unknown}
 p - a scroll of teleportation {unknown}
Potions
 k - a potion of resistance
 l - 2 potions of haste
 o - a potion of mutation
Comestibles
 c - 3 bread rations
 d - a meat ration
 q - a beef jerky
 r - 3 fruits


   Skills:
 - Level 3.0 Fighting
 + Level 5.2 Axes
 - Level 2.6 Dodging
 - Level 1.7 Stealth


You had 4 spell levels left.
You didn't know any spells.

Dungeon Overview and Level Annotations

Branches:
Dungeon (3/15)

Altars:


Innate Abilities, Weirdness & Mutations

You have sharp toenails.
You are partially covered in yellow scales. (AC +2)
You are slightly more attuned to the shadows.
You are immune to rotting.


Message History

(D) Dungeon
Where to? (Enter - D:1, ? - help)
There is a stone staircase leading up here.
You climb upwards.
There is a stone staircase leading down here.
You can't go up here!
The bat is too close now for your liking.
You can't go up here!
You barely miss the bat. The bat hits you but does no damage.
You hit the bat.
You kill the bat!
No target in view!
No target in view!
(D) Dungeon
Where to? (Enter - D:1 @ (x,y), ? - help)
You open the door.
There is an open door here.
There is a staircase leading out of the dungeon here.
Are you sure you want to leave the Dungeon?
This will make you lose the game!
You have escaped!

#).........# #
######.####.....# #
#.....(# #.....#######
#.####(# #............
#.####'####.....#######
#.#(......#.....## ##
#.#)8.8.8.#.#.#..## ##.
#.#.......#.......###..
#['.8.@.8.'.####...##.#
###.......### #.......
#.8.8.8.# #.......
#.......# #.##.#..
####'#### #.##.... #.#
##.###.## #.# #..# #..#
#.# #.## ##.. #.# #.#
##.


There were no monsters in sight!

Vanquished Creatures
  An orc wizard (D:3)
  An orc priest (D:3)
  An adder (D:2)
  5 worms
  3 dart slugs
  3 leopard geckos (D:1)
  3 orcs (D:3)
  2 giant cockroaches
  3 goblins
  7 hobgoblins
  11 kobolds
  2 quokkas
  A ball python (D:1)
  6 bats
  3 frilled lizards
  6 rats
58 creatures vanquished.

Vanquished Creatures (others)
  A plant (D:1)
1 creature vanquished.

Grand Total: 59 creatures vanquished

Notes
Turn   | Place    | Note
-------+----------+-------------------------------------------
     0 | D:1      | Alarkh the Demonspawn Monk began the quest for the Orb.
     0 | D:1      | Reached XP level 1. HP: 18/18 MP: 1/1
    28 | D:1      | Reached skill level 3 in Axes
    56 | D:1      | Gained mutation: You are slightly more attuned to the shadows. [demonic ancestry]
    56 | D:1      | Reached XP level 2. HP: 16/24 MP: 2/2
   583 | D:1      | Gained mutation: You are partially covered in yellow scales. (AC +2) [demonic ancestry]
   583 | D:1      | Reached XP level 3. HP: 29/29 MP: 3/3
   706 | D:2      | Reached skill level 4 in Axes
  1239 | D:2      | Gained mutation: You have sharp toenails. [demonic ancestry]
  1239 | D:2      | Reached XP level 4. HP: 24/35 MP: 4/4
  1912 | D:3      | Reached skill level 5 in Axes
  1926 | D:3      | Gained mutation: You are immune to rotting. [demonic ancestry]
  1926 | D:3      | Reached XP level 5. HP: 16/41 MP: 5/5
  2227 | D:$      | Got out of the dungeon alive.

Skill      XL: |  1  2  3  4 |
---------------+-------------+-----
Axes           | 3 4 5 |  5.2
Fighting       | |  3.0
Dodging        | |  2.6
Stealth        | |  1.7

Action                   |  1- 3 |  4- 6 || total
-------------------------+-------+-------++-------
Melee: Hand axe          |   155 |    73 ||   228
  Use: Potion            |     2 |     3 ||     5
       Scroll            |       |     2 ||     2
 Stab: Sleeping          |     6 |     4 ||    10
  Eat: Chunk             |     1 |     4 ||     5
Armor: Robe              |    26 |    10 ||    36
Dodge: Dodged            |    80 |    28 ||   108
